 Dungeon Crawl Stone Soup version 0.20.1-1-g8b1a95d (webtiles) character file.

4272 letownia2 the Thaumaturge (level 10, 44/81 HPs)
             Began as a Deep Dwarf Necromancer on Dec 14, 2017.
             Was an Initiate of Gozag.
             Quit the game on level 9 of the Dungeon.
             The game lasted 00:33:50 (10441 turns).

letownia2 the Thaumaturge (Deep Dwarf Necromancer) Turns: 10441, Time: 00:33:51

Health: 44/81      AC: 10    Str: 20    XL:     10   Next: 10%
Magic:  11/20      EV: 13    Int: 22    God:    Gozag
Gold:   590        SH:  0    Dex: 15    Spells: 14/26 levels left

rFire    . . .     SeeInvis .   a - +2 flail (holy)
rCold    . . .     Gourm    .   (no shield)
rNeg     + . .     Faith    .   P - +0 scale mail
rPois    .         Spirit   .   Q - +2 helmet of Perfidy {Int+4 Dex-3}
rElec    +         Reflect  .   (no cloak)
rCorr    .         Harm     .   (no gloves)
MR       +....     Clarity  +   (no boots)
Stlth    +.........             (no amulet)
Regen    0.0/turn               D - ring "Qigautz" {Wiz rElec rN+ Str+7}
MPRegen  0.2/turn               j - +3 ring of dexterity

@: non-regenerating
A: damage resistance, heal wounds, repulsion field 1, agile 1, clarity, low mp
1, sense surroundings 2, no regeneration
a: Heal Wounds, Potion Petition, Call Merchant, Bribe Branch, Renounce Religion


You were on level 9 of the Dungeon.
You worshipped Gozag.
Gozag was pleased with you.
You were not hungry.

You visited 2 branches of the dungeon, and saw 10 of its levels.

You collected 1471 gold pieces.
You spent 300 gold pieces at shops.
You paid 581 gold pieces to Gozag.

Inventory:

Hand Weapons
 a - a +2 flail of holy wrath (weapon)
 e - a +0 dagger
 x - a +0 scythe of venom
 B - a +0 shortbow
 G - a +0 war axe
 H - a +1 flail of crushing
 J - a +0 quarterstaff
 S - a +0 hand axe of chopping
Missiles
 h - a throwing net (quivered)
 C - 59 arrows
Armour
 n - a +0 ring mail
 P - a +0 scale mail (worn)
 Q - the +2 helmet of Perfidy (worn) {Int+4 Dex-3}
   (You bought it in a shop on level 5 of the Dungeon)

   It affects your intelligence (+4).
   It affects your dexterity (-3).
Jewellery
 j - a +3 ring of dexterity (right hand)
 D - the ring "Qigautz" (left hand) {Wiz rElec rN+ Str+7}
   (You found it on level 5 of the Dungeon)

   [ring of wizardry]

   It improves your spell success rate.
   It affects your strength (+7).
   It insulates you from electricity.
   It protects you from negative energy.
Wands
 y - a wand of flame (27/48)
Scrolls
 g - a scroll of enchant armour {unknown}
 i - 4 scrolls of magic mapping
 l - 3 scrolls of amnesia {unknown}
 p - 2 scrolls of blinking {unknown}
 q - a scroll of noise {unknown}
 s - 2 scrolls of holy word {unknown}
 u - 7 scrolls of identify
 v - 4 scrolls of remove curse
 w - 3 scrolls of fog {unknown}
 E - 2 scrolls of immolation {unknown}
 F - 4 scrolls of teleportation
 I - a scroll of torment {unknown}
 M - a scroll of recharging {unknown}
 N - 3 scrolls of random uselessness {unknown}
 O - 2 scrolls of enchant weapon {unknown}
 R - a scroll of fear {unknown}
Potions
 d - a potion of invisibility {unknown}
 f - 2 potions of mutation
 m - a potion of berserk rage {unknown}
 t - a potion of brilliance
 A - a potion of heal wounds
 K - a potion of curing
 L - 2 potions of flight {unknown}
Books
 b - a book of Necromancy

   Spells                             Type                      Level
   a - Pain                           Necromancy                   1
   b - Animate Skeleton               Necromancy                   1
   c - Vampiric Draining              Necromancy                   3
   d - Regeneration                   Charms/Necromancy            3
   e - Animate Dead                   Necromancy                   4
   f - Control Undead                 Necromancy                   4
 o - a book of Minor Magic

   Spells                             Type                      Level
   a - Magic Dart                     Conjuration                  1
   b - Blink                          Translocation                2
   c - Call Imp                       Summoning                    2
   d - Slow                           Hexes                        2
   e - Conjure Flame                  Conjuration/Fire             3
   f - Mephitic Cloud                 Conjuration/Poison/Air       3
Miscellaneous
 z - a lightning rod (4/4)
Comestibles
 c - 5 bread rations
 k - 3 meat rations
 r - 2 fruits


   Skills:
 - Level 2.6 Fighting
 + Level 3.6 Armour
 - Level 2.1 Dodging
 - Level 2.4 Stealth
 + Level 8.7 Spellcasting
 - Level 3.4 Conjurations
 - Level 8.4 Necromancy
 - Level 2.2 Translocations
 - Level 2.4 Fire Magic
 - Level 2.0 Air Magic
 - Level 2.1 Poison Magic


You had 14 spell levels left.
You knew the following spells:

 Your Spells              Type           Power        Failure   Level  Hunger
a - Pain                  Necr           ####         1%          1    None
b - Blink                 Tloc           N/A          4%          2    None
c - Conjure Flame         Conj/Fire      ###.....     7%          3    None
e - Mephitic Cloud        Conj/Pois/Air  ###.....     9%          3    None
v - Vampiric Draining     Necr           #####.....   1%          3    None


Dungeon Overview and Level Annotations

Branches:
Dungeon (9/15)             Temple (1/1) D:7
   Lair: D:8-11         Orc: D:9-12

Altars:
Cheibriados
Elyvilon
Gozag
Hepliaklqana
Makhleb
Nemelex Xobeh
Trog
Uskayaw
Xom
Yredelemnul
The Shining One

Shops:
D:5 =%*[   D:9 [

Annotations:
D:8 2 runed doors
D:9 Mesmaeker13's ghost, novice TrCK


Innate Abilities, Weirdness & Mutations

You are resistant to damage.
You can heal yourself by infusing magical energy.
You passively map the area around you.
You do not regenerate.
You are surrounded by a mild repulsion field. (EV +2)
You are agile. (Dex +2)
You possess an exceptional clarity of mind.
Your magical capacity is low. (-10% MP)


Message History

O - 2 scrolls labeled HOZUPA LEFF (gained 1)
What are your orders? t - Shout!
Orders for allies: a - Attack new target. r - Retreat! s - Stop attacking. g - Guard the area. f - Follow me.
Anything else - Cancel.
You shout for attention!
You see here a spear.
You enter the shallow water.
Moving in this stuff is going to be slow.
There is an empty arch of ancient stone here.
There is nothing on the other side of the stone arch.
Unknown command.
Unknown command.
Unknown command.
There is nothing on the other side of the stone arch.
Unknown command.
There is nothing on the other side of the stone arch.
Are you sure you want to abandon this character and quit the game? (Confirm with "yes".)

#....#######.....#....#........
#....'.....#.....#....#........
#....#.....#.....#....#....#...
######.....#.....#....#....#...
#................#....#....#...
#........≈≈≈≈≈≈≈.)(...######...
#....##..≈#####≈).....#....#...
#........≈#...#≈.#....#....'...
#........≈#.∩.@≈.#....#....#...
#........≈#...#≈.#....#....#...
#........≈#####≈.#....###'##...
###'##...≈≈≈≈≈≈≈.#....#....#...
#....#...........#....#....#...
#....#.....#.....# #....#...
#....#.....#.....#, , #....#...
#....#.....#.....# ,,,#....#...
##################* ###### *


There were no monsters in sight!

Vanquished Creatures
  3 hippogriffs
  Sigmund (D:5)
  3 orc warriors
  2 sky beasts
  An eye of draining (D:9)
  An ice beast (D:9)
  3 ogres
  A necrophage (D:6)
  2 centaurs
  A crocodile (D:8)
  3 bullfrogs
  A big kobold (Temple)
  2 scorpions
  6 killer bees
  3 howler monkeys
  3 wights (D:6)
  3 crimson imps
  A bullfrog zombie (D:9)
  2 bullfrog skeletons
  A hound (D:8)
  7 orc priests
  3 jellies
  13 orc wizards
  3 iguanas
  9 worker ants
  A hound zombie (D:6)
  A hound skeleton (D:8)
  A worker ant zombie (D:5)
  7 gnolls (D:8)
  7 adders
  An ooze (D:5)
  An adder skeleton (D:4)
  2 adder zombies
  3 worms
  A dart slug (D:2)
  A leopard gecko (D:4)
  41 orcs
  3 ball pythons
  5 giant cockroaches
  5 goblins
  8 hobgoblins
  9 jackals
  4 quokkas
  8 bats
  4 frilled lizards
  A jackal skeleton (D:4)
  14 kobolds
  2 leopard gecko zombies (D:7)
  10 rats
218 creatures vanquished.

Notes
Turn   | Place    | Note
-------+----------+-------------------------------------------
     0 | D:1      | letownia2 the Deep Dwarf Necromancer began the quest for the Orb.
     0 | D:1      | Reached XP level 1. HP: 15/15 MP: 3/3
   454 | D:2      | Reached XP level 2. HP: 20/22 MP: 0/5
   711 | D:4      | Reached skill level 5 in Necromancy
   935 | D:4      | Reached XP level 3. HP: 15/28 MP: 0/6
   941 | D:4      | Gained mutation: You are surrounded by a mild repulsion field. (EV +2) [potion of mutation]
   941 | D:4      | Gained mutation: You are agile. (Dex +2) [potion of mutation]
   941 | D:4      | Gained mutation: Your magical capacity is low. (-10% MP) [potion of mutation]
   941 | D:4      | Gained mutation: You possess an exceptional clarity of mind. [potion of mutation]
   948 | D:4      | Reached XP level 4. HP: 20/36 MP: 0/6
  1018 | D:4      | Learned a level 3 spell: Vampiric Draining
  1028 | D:4      | Learned a level 3 spell: Mephitic Cloud
  1863 | D:4      | Reached XP level 5. HP: 27/42 MP: 0/7
  2009 | D:5      | Entered Level 5 of the Dungeon
  2023 | D:4      | Reached skill level 1 in Conjurations
  2075 | D:5      | Reached skill level 1 in Air Magic
  2075 | D:5      | Reached skill level 1 in Poison Magic
  2152 | D:5      | Learned a level 2 spell: Blink
  2160 | D:5      | Found Fujottan's Assorted Antiques.
  2265 | D:5      | Reached XP level 6. HP: 33/49 MP: 0/9
  2553 | D:5      | Noticed Sigmund
  2720 | D:5      | Got a clouded wooden ring
  2722 | D:5      | Identified the ring "Qigautz" {Wiz rElec rN+ Str+7} (You found it on level 5 of the Dungeon)
  2842 | D:5      | Found Voudogim's Food Boutique.
  2889 | D:5      | Found Nypa's Armour Shoppe.
  3634 | D:6      | Reached XP level 7. HP: 55/56 MP: 8/10
  3686 | D:6      | Reached skill level 1 in Fighting
  3948 | D:7      | Found a hazy altar of Hepliaklqana.
  4011 | D:7      | Found a staircase to the Ecumenical Temple.
  4021 | Temple   | Entered the Ecumenical Temple
  4040 | Temple   | Became a worshipper of Gozag Ym Sagoz the Greedy
  4218 | D:7      | Noticed a hippogriff
  4356 | D:6      | Found a basalt altar of Yredelemnul.
  4361 | D:6      | Found a glowing golden altar of the Shining One.
  4363 | D:6      | Noticed an angel
  4764 | D:6      | Reached XP level 8. HP: 54/67 MP: 2/12
  4928 | D:5      | Killed Sigmund
  5871 | D:5      | Bought a polished helmet for 228 gold pieces
  5876 | D:5      | Identified the +2 helmet of Perfidy {Int+4 Dex-3} (You bought it in a shop on level 5 of the Dungeon)
  5907 | D:5      | Bought a scroll labeled FANENA LEMOE for 24 gold pieces
  5907 | D:5      | Bought a scroll labeled VIOTEA XANI for 24 gold pieces
  5907 | D:5      | Bought a scroll labeled XUESHRIAVIB for 24 gold pieces
  6702 | D:2      | Found a sparkling altar of Nemelex Xobeh.
  7402 | D:5      | Learned a level 3 spell: Conjure Flame
  7475 | D:6      | Noticed a profane servitor
  7669 | D:7      | Reached skill level 1 in Translocations
  7795 | D:7      | Reached skill level 1 in Fire Magic
  7845 | D:7      | Killed a hippogriff
  7845 | D:7      | Reached skill level 5 in Spellcasting
  8048 | D:7      | Gained mutation: You passively map the area around you. [Deep Dwarf growth]
  8048 | D:7      | Reached XP level 9. HP: 53/74 MP: 3/15
  8282 | D:8      | Found a white marble altar of Elyvilon.
  8851 | D:8      | Found a runed door.
  8954 | D:8      | Found a runed door.
  9617 | D:5      | Found Ygroemoq's Jewellery Emporium.
  9755 | D:9      | Reached skill level 1 in Armour
  9814 | D:9      | Noticed Mesmaeker13's ghost (novice TrCK)
  9993 | D:9      | Found a flagged portal.
 10037 | D:9      | Reached XP level 10. HP: 52/81 MP: 8/20
 10441 | D:9      | Quit the game

Skill      XL: |  1  2  3  4  5  6  7  8  9 10 |
---------------+-------------------------------+-----
Spellcasting   | 2 3 5 8 |  8.7
Necromancy     | 5 6 7 8 |  8.4
Conjurations   | 1 2 3 |  3.4
Air Magic      | 1 2 |  2.0
Poison Magic   | 1 2 |  2.1
Fighting       | 2 |  2.6
Translocations | 2 |  2.2
Fire Magic     | 2 |  2.4
Armour         | 2 3 |  3.6
Dodging        | |  2.1
Stealth        | |  2.4

Action                   |  1- 3 |  4- 6 |  7- 9 | 10-12 || total
-------------------------+-------+-------+-------+-------++-------
Melee: Unarmed           |     7 |       |       |       ||     7
       Dagger            |    10 |       |       |       ||    10
       Quarterstaff      |    14 |    79 |    74 |       ||   167
       Flail             |       |       |   217 |     4 ||   221
 Cast: Pain              |    36 |     9 |   155 |     1 ||   201
       Vampiric Draining |       |    35 |    96 |    15 ||   146
       Conjure Flame     |       |       |     1 |       ||     1
Invok: Call Merchant     |       |       |     1 |       ||     1
Evoke: Wand              |       |       |     6 |       ||     6
  Use: Potion            |     1 |       |     4 |       ||     5
       Scroll            |       |     1 |     5 |       ||     6
 Stab: Sleeping          |       |     1 |     1 |       ||     2
       Distracted        |       |       |     1 |       ||     1
  Eat: Chunk             |       |    13 |     4 |       ||    17
       Meat ration       |       |       |     4 |       ||     4
       Royal jelly       |       |       |     1 |       ||     1
       Fruit             |       |       |     1 |       ||     1
Armor: Robe              |     4 |       |       |       ||     4
       Leather armour    |     6 |       |       |       ||     6
       Ring mail         |    11 |    34 |   158 |       ||   203
       Scale mail        |       |       |    43 |    18 ||    61
Dodge: Dodged            |    27 |    93 |   363 |    19 ||   502
